SKY
TEXAS RANGERS @ CHICAGO WHITE SOX
09/30/2052
 
TOP OF THE 1ST
Texas Rangers batting - Pitching for Chicago White Sox : RHP Ben Paulsen
Pitching: RHP Ben Paulsen
Batting: LHB Jedediah Graves 0-0: Foul Ball, location: 2F
0-1: Ball
1-1: SINGLE (Line Drive, 34, EV 97.5 MPH)
Batting: LHB Rio Matlock 0-0: Called Strike
0-1: SINGLE (Line Drive, 8LS, EV 84.4 MPH)
Jedediah Graves to second
Runner from 2nd tries for 3rd, SAFE, throw by CF made to third
Batting: RHB Stanley Gamble 0-0: Ball
1-0: Ball
2-0: Called Strike
2-1: Ball
Rio Matlock is caught stealing 2nd base 2-4
3-1: Called Strike
3-2: Strikes out swinging
Batting: LHB Wade Briggs 0-0: Called Strike
0-1: SINGLE (Groundball, 34D, EV 94.4 MPH)
Jedediah Graves scores
Batting: RHB Giosue Ceverini 0-0: Called Strike
0-1: Swinging Strike
0-2: Foul Ball, location: 9LMF
0-2: Foul Ball, location: 25FF
0-2: Strikes out looking
Top of the 1st over - 1 run, 3 hits, 0 errors, 1 left on base; Texas 1 - Chicago 0
BOTTOM OF THE 1ST
Chicago White Sox batting - Pitching for Texas Rangers : RHP Bill Stevens
Pitching: RHP Bill Stevens
Batting: SHB Nicodemo Alcorta 0-0: Ball
1-0: Swinging Strike
1-1: Ball
2-1: Called Strike
2-2: Foul Ball, location: 7LSF
2-2: Strikes out swinging
Batting: LHB Noah DuBois 0-0: Ball
1-0: Ground out 1-3 (Groundball, 15S, EV 74.4 MPH)
Batting: SHB Cristopher Betancourt 0-0: Ball
1-0: Foul Ball, location: 2F
1-1: Ball
2-1: Ground out U3 (Groundball, 3, EV 89.4 MPH)
Bottom of the 1st over - 0 runs, 0 hits, 0 errors, 0 left on base; Texas 1 - Chicago 0
TOP OF THE 2ND
Texas Rangers batting - Pitching for Chicago White Sox : RHP Ben Paulsen
Batting: RHB Sebastian Carsten 0-0: Ball
1-0: Ball
2-0: Foul Ball, location: 9LMF
2-1: Foul Ball, location: 3F
2-2: Foul Ball, location: 9LSF
2-2: Strikes out looking
Batting: RHB Pedro Medrano 0-0: Fly out, F7 (Flyball, 78S, EV 83.8 MPH)
Batting: SHB Juan Pedro Sánchez 0-0: Called Strike
0-1: Ball
1-1: Foul Ball, location: 2F
1-2: Ball
2-2: Foul Ball, location: 2F
2-2: Fly out, F8 (Flyball, 8LM, EV 98.1 MPH)
Top of the 2nd over - 0 runs, 0 hits, 0 errors, 0 left on base; Texas 1 - Chicago 0
BOTTOM OF THE 2ND
Chicago White Sox batting - Pitching for Texas Rangers : RHP Bill Stevens
Batting: RHB Shaun Ferguson 0-0: Called Strike
0-1: Foul Ball, location: 2F
0-2: Strikes out looking
Batting: LHB Rocky Rafferty 0-0: Ball
1-0: Called Strike
1-1: Called Strike
1-2: Ball
2-2: Strikes out swinging
Batting: SHB Ryder Speyer 0-0: Called Strike
0-1: Ball
1-1: Ball
2-1: Foul Ball, location: 2F
2-2: Ball
3-2: Fly out, F7 (Flyball, 7LM, EV 77.5 MPH)
Bottom of the 2nd over - 0 runs, 0 hits, 0 errors, 0 left on base; Texas 1 - Chicago 0
TOP OF THE 3RD
Texas Rangers batting - Pitching for Chicago White Sox : RHP Ben Paulsen
Batting: RHB Yanus Cartageno 0-0: Foul Ball, location: 25F
0-1: Swinging Strike
0-2: Ball
1-2: Strikes out looking
Batting: LHB Jedediah Graves 0-0: Ground out 1-3 (Groundball, 13S, EV 73.8 MPH)
Batting: LHB Rio Matlock 0-0: Ball
1-0: Ball
2-0: Ball
3-0: Called Strike
3-1: Base on Balls
Batting: RHB Stanley Gamble 0-0: Fly out, F9 (Flyball, 9, EV 90.0 MPH)
Top of the 3rd over - 0 runs, 0 hits, 0 errors, 1 left on base; Texas 1 - Chicago 0
BOTTOM OF THE 3RD
Chicago White Sox batting - Pitching for Texas Rangers : RHP Bill Stevens
Batting: SHB Eric Hughes 0-0: Ball
1-0: Foul Ball, location: 7LSF
1-1: Ground out 4-3 (Groundball, 4, EV 76.3 MPH)
Batting: RHB Jaxon DeMeuse 0-0: Called Strike
0-1: Ball
1-1: Called Strike
1-2: Ground out 6-3 (Groundball, 6, EV 81.3 MPH)
Batting: LHB Rhett Bramwell 0-0: Foul Ball, location: 7LDF
0-1: Foul Ball, location: 25F
0-2: Ball
1-2: Ground out 6-3 (Groundball, 6, EV 85.6 MPH)
Bottom of the 3rd over - 0 runs, 0 hits, 0 errors, 0 left on base; Texas 1 - Chicago 0
TOP OF THE 4TH
Texas Rangers batting - Pitching for Chicago White Sox : RHP Ben Paulsen
Batting: LHB Wade Briggs 0-0: Foul Ball, location: 23FF
0-1: Ball
1-1: Foul Ball, location: 7LSF
1-2: Foul Ball, location: 2F
1-2: Ball
2-2: Ball
3-2: Foul Ball, location: 2F
3-2: Ground out 4-3 (Groundball, 4, EV 108.8 MPH)
Batting: RHB Giosue Ceverini 0-0: Called Strike
0-1: Fly out, F8 (Flyball, 8LM, EV 94.4 MPH)
Batting: RHB Sebastian Carsten 0-0: Foul Ball, location: 5F
0-1: Foul Ball, location: 5F
0-2: Strikes out looking
Top of the 4th over - 0 runs, 0 hits, 0 errors, 0 left on base; Texas 1 - Chicago 0
BOTTOM OF THE 4TH
Chicago White Sox batting - Pitching for Texas Rangers : RHP Bill Stevens
Batting: SHB Nicodemo Alcorta 0-0: Called Strike
0-1: Swinging Strike
0-2: Ball
1-2: Ball
2-2: Ball
3-2: Foul Ball, location: 2F
3-2: SINGLE (Line Drive, 56, EV 96.9 MPH)
Batting: LHB Noah DuBois 0-0: Foul Ball, location: 9LDF
0-1: SINGLE (Line Drive, 7S, EV 100.6 MPH)
Nicodemo Alcorta to second
Batting: SHB Cristopher Betancourt 0-0: Ball
1-0: Foul Ball, location: 9LSF
1-1: Ball
2-1: Fly out, F9 (Line Drive, 89M, EV 94.4 MPH)
Batting: RHB Shaun Ferguson 0-0: Called Strike
0-1: Ball
1-1: Foul Ball, location: 2F
1-2: DOUBLE (Flyball, 8RXD, EV 94.4 MPH)
Nicodemo Alcorta scores
Noah DuBois to third
Runner from 3rd tries for Home, SAFE, throw by CF to trailing runner, SAFE at third!
Batting: LHB Rocky Rafferty 0-0: Ball
1-0: Fly out, F9 (Flyball, 9, EV 91.9 MPH)
Runner from 3rd tags up, SCORES, throw by RF
Batting: SHB Ryder Speyer 0-0: Called Strike
0-1: Ball
1-1: Ball
2-1: Ball
3-1: Foul Ball, location: 7LSF
3-2: SINGLE (Groundball, 34D, EV 99.4 MPH)
Batting: SHB Eric Hughes 0-0: Ball
1-0: Fly out, F9 (Flyball, 9LSF, EV 82.5 MPH)
Bottom of the 4th over - 3 runs, 4 hits, 0 errors, 1 left on base; Texas 1 - Chicago 3
TOP OF THE 5TH
Texas Rangers batting - Pitching for Chicago White Sox : RHP Ben Paulsen
Batting: RHB Pedro Medrano 0-0: Ball
1-0: Ball
2-0: Ball
3-0: Base on Balls
Batting: SHB Juan Pedro Sánchez 0-0: Sac Bunt to 25 - play at first, batter OUT! 5-3
Pedro Medrano to second
Batting: RHB Yanus Cartageno 0-0: Ball
1-0: Called Strike
1-1: Ball
2-1: Ball
3-1: Swinging Strike
3-2: Foul Ball, location: 2F
3-2: Strikes out swinging
Batting: LHB Jedediah Graves 0-0: Called Strike
0-1: Ball
1-1: Swinging Strike
1-2: Foul Ball, location: 7LMF
1-2: Foul Ball, location: 5FF
1-2: Foul Ball, location: 2F
1-2: Strikes out swinging
Top of the 5th over - 0 runs, 0 hits, 0 errors, 1 left on base; Texas 1 - Chicago 3
BOTTOM OF THE 5TH
Chicago White Sox batting - Pitching for Texas Rangers : RHP Bill Stevens
Batting: RHB Jaxon DeMeuse 0-0: Called Strike
0-1: Foul Ball, location: 5F
0-2: Ball
1-2: Strikes out swinging
Batting: LHB Rhett Bramwell 0-0: Called Strike
0-1: Ball
1-1: Foul Ball, location: 2F
1-2: Fly out, F2 (Popup, 2L, EV 45.6 MPH)
Batting: SHB Nicodemo Alcorta 0-0: Called Strike
0-1: Foul Ball, location: 2F
0-2: Foul Ball, location: 7LMF
0-2: Foul Ball, location: 5F
0-2: Ball
1-2: Fly out, F8 (Line Drive, 8LM, EV 93.8 MPH)
Bottom of the 5th over - 0 runs, 0 hits, 0 errors, 0 left on base; Texas 1 - Chicago 3
TOP OF THE 6TH
Texas Rangers batting - Pitching for Chicago White Sox : RHP Ben Paulsen
Batting: LHB Rio Matlock 0-0: Foul Ball, location: 2F
0-1: Foul Ball, location: 2F
0-2: Ball
1-2: Strikes out swinging
Batting: RHB Stanley Gamble 0-0: Ground out 6-3 (Groundball, 6, EV 103.8 MPH)
Batting: LHB Wade Briggs 0-0: Foul Ball, location: 2F
0-1: Ground out 4-3 (Groundball, 4, EV 88.8 MPH)
Top of the 6th over - 0 runs, 0 hits, 0 errors, 0 left on base; Texas 1 - Chicago 3
BOTTOM OF THE 6TH
Chicago White Sox batting - Pitching for Texas Rangers : RHP Bill Stevens
Batting: LHB Noah DuBois 0-0: Ball
1-0: Ball
2-0: Fly out, F7 (Flyball, 78M, EV 88.1 MPH)
Batting: SHB Cristopher Betancourt 0-0: Called Strike
0-1: Called Strike
0-2: Strikes out looking
Batting: RHB Shaun Ferguson 0-0: Swinging Strike
0-1: Swinging Strike
0-2: Foul Ball, location: 2F
0-2: Foul Ball, location: 23F
0-2: Strikes out swinging
Bottom of the 6th over - 0 runs, 0 hits, 0 errors, 0 left on base; Texas 1 - Chicago 3
TOP OF THE 7TH
Texas Rangers batting - Pitching for Chicago White Sox : RHP Ben Paulsen
Batting: RHB Giosue Ceverini 0-0: Ball
1-0: Foul Ball, location: 2RF
1-1: Foul Ball, location: 23F
1-2: Foul Ball, location: 3F
1-2: DOUBLE (Line Drive, 7LS, EV 91.9 MPH)
Batting: RHB Sebastian Carsten 0-0: Foul Ball, location: 7LSF
0-1: Called Strike
0-2: Ball
1-2: Ground out 4-3 (Groundball, 4M, EV 85.6 MPH)
Giosue Ceverini to third
Pitching: LHP Powell Beck
Batting: RHB Pedro Medrano 0-0: Ball
1-0: SINGLE (Line Drive, 4M, EV 102.5 MPH)
Giosue Ceverini scores
Batting: SHB Juan Pedro Sánchez 0-0: Foul Ball, location: 2F
0-1: Ball
1-1: Ball
2-1: Foul Ball, location: 2F
2-2: Strikes out looking
Batting: RHB Yanus Cartageno 0-0: Called Strike
0-1: Foul Ball, location: 2F
0-2: Strikes out looking
Top of the 7th over - 1 run, 2 hits, 0 errors, 1 left on base; Texas 2 - Chicago 3
BOTTOM OF THE 7TH
Chicago White Sox batting - Pitching for Texas Rangers : RHP Bill Stevens
Batting: LHB Rocky Rafferty 0-0: SINGLE (Groundball, 34D, EV 103.1 MPH)
Batting: SHB Ryder Speyer 0-0: Ball
1-0: Ball
2-0: Swinging Strike
2-1: Foul Ball, location: 23FF
2-2: Foul Ball, location: 9LSFF
2-2: Foul Ball, location: 7LSF
2-2: Ground out 5-3 (Groundball, 56S, EV 66.9 MPH)
Rocky Rafferty to second
Batting: SHB Eric Hughes 0-0: Intentional Walk
Pitching: RHP Lann Orange
Batting: RHB Jaxon DeMeuse 0-0: Fly out, F8 (Flyball, 89S, EV 96.3 MPH)
Batting: LHB Rhett Bramwell 0-0: Swinging Strike
0-1: SINGLE (Groundball, 4M, EV 97.5 MPH)
Rocky Rafferty to third
Eric Hughes to second
Runner from 3rd tries for Home, SAFE, throw by CF to home
Batting: SHB Nicodemo Alcorta 0-0: Ground out 4-3 (Groundball, 4, EV 93.1 MPH)
Bottom of the 7th over - 1 run, 2 hits, 0 errors, 2 left on base; Texas 2 - Chicago 4
TOP OF THE 8TH
Texas Rangers batting - Pitching for Chicago White Sox : LHP Powell Beck
Pinch Hitting: RHB Johan Rodríguez 0-0: Called Strike
0-1: SOLO HOME RUN (Flyball, 7D, EV 98.1 MPH), Distance : 380 ft
Batting: LHB Rio Matlock 0-0: Foul Ball, location: 2F
0-1: Swinging Strike
0-2: Strikes out looking
Batting: RHB Stanley Gamble 0-0: Ball
1-0: Called Strike
1-1: Ball
2-1: SINGLE (Groundball, 34, EV 94.4 MPH) (infield hit)
Batting: LHB Wade Briggs 0-0: Called Strike
0-1: Called Strike
0-2: Foul Ball, location: 3F
0-2: Foul Ball, location: 3FF
0-2: Ball
1-2: Strikes out looking
Batting: RHB Giosue Ceverini 0-0: Ball
1-0: Ball
2-0: Ball
3-0: Called Strike
3-1: Swinging Strike
3-2: Fly out, F4 (Popup, 4M, EV 60.6 MPH)
Top of the 8th over - 1 run, 2 hits, 0 errors, 1 left on base; Texas 3 - Chicago 4
BOTTOM OF THE 8TH
Chicago White Sox batting - Pitching for Texas Rangers : RHP Lann Orange
Now in CF: Rio Matlock
Now in RF: Johan Rodríguez
Batting: LHB Noah DuBois 0-0: Ball
1-0: Ball
2-0: Foul Ball, location: 2F
2-1: Foul Ball, location: 2F
2-2: Strikes out swinging
Batting: SHB Cristopher Betancourt 0-0: Ball
1-0: Swinging Strike
1-1: Ball
2-1: Ball
3-1: Foul Ball, location: 3SF
3-2: Strikes out swinging
Batting: RHB Shaun Ferguson 0-0: Ball
1-0: Called Strike
1-1: Ball
2-1: SOLO HOME RUN (Flyball, 7LD, EV 93.1 MPH), Distance : 347 ft
Batting: LHB Rocky Rafferty 0-0: Foul Ball, location: 3F
0-1: Fly out, F8 (Flyball, 89M, EV 90.6 MPH)
Bottom of the 8th over - 1 run, 1 hit, 0 errors, 0 left on base; Texas 3 - Chicago 5
TOP OF THE 9TH
Texas Rangers batting - Pitching for Chicago White Sox : LHP Powell Beck
Pitching: LHP Frank Courson
Now at SS: Stanford Parker
Batting: RHB Sebastian Carsten 0-0: Ball
1-0: Ball
2-0: Called Strike
2-1: SINGLE (Groundball, 56D, EV 103.8 MPH)
Batting: RHB Pedro Medrano 0-0: Called Strike
0-1: Foul Ball, location: 2F
0-2: Strikes out looking
Batting: SHB Juan Pedro Sánchez 0-0: Swinging Strike
0-1: SINGLE (Line Drive, 9S, EV 103.8 MPH)
Sebastian Carsten to second
Pinch Runner at 2nd Blake Ellett:
Batting: RHB Yanus Cartageno 0-0: Fly out, F8 (Flyball, 8RXD, EV 102.5 MPH)
Runner from 2nd tags up, SAFE at 3rd, no throw by CF
Batting: RHB Johan Rodríguez 0-0: SINGLE (Line Drive, 89M, EV 95.0 MPH)
Blake Ellett scores
Juan Pedro Sánchez to second
Runner from 2nd tries for 3rd, SAFE, throw by RF made to third
Batting: LHB Rio Matlock 0-0: Ball
1-0: Swinging Strike
1-1: Fly out, F7 (Line Drive, 7S, EV 86.9 MPH)
Top of the 9th over - 1 run, 3 hits, 0 errors, 2 left on base; Texas 4 - Chicago 5
Thursday, May 9th , 2024 - OOTP Baseball 24.11 Build 85